AoeStats
← 恆浪蕩

Nomad

504684786Analyzed
4v4 RM · 26d ago on Sep 6, 2026· 39m 19s· 8 players
Game mode
Random Map
Map size
231×231
Population
200
Speed
Normal
Resources
Standard
Victory
Conquest
Starting age
Dark Age
Ending age
Imperial Age
RankedLock teamsTeams togetherTeam positionsShared explorationLock speedFull tech treeHidden civsTurbo modeCheats
Victory
Defeat
🇦🇷 Lithuanians · Argentina
1621
+15
🇹🇼 Italians · Taiwan
1591
+16
🇹🇼 Tupi · Taiwan
1581
+16
🇹🇼 Japanese · Taiwan
1500
+20
🇫🇷 Goths · France
1699
-21
🇺🇸 Byzantines · United States
1587
-17
🇨🇳 Burmese · China
1550
-15
🇧🇾 Inca · Belarus
1521
-14
kitchiro
6:27 Loom
11:57 Feudal Age
12:26 Double-Bit Axe
15:13 Fletching
23:10 Castle Age
22:42 Horse Collar
24:03 Medium Warships
23:52 Bodkin Arrow
24:11 Bow Saw
33:42 Ballistics
SQUIGGLE
5:36 Loom
13:39 Feudal Age
19:43 Castle Age
18:01 Stone Mining
18:54 Fishing Lines
20:59 Town Watch
21:55 Wheelbarrow
24:02 Horse Collar
25:58 Heavy Plow
28:02 Padded Archer Armor
28:41 Gold Mining
29:17 Fletching
33:40 Hand Cart
36:44 Imperial Age
34:57 Elite Skirmisher
35:57 Bodkin Arrow
36:45 Masonry
37:30 Bracer
39:22 Ballistics
40:03 Chemistry
Zyzz
5:08 Loom
13:21 Feudal Age
14:36 Double-Bit Axe
17:44 Castle Age
15:44 Gold Mining
16:07 Champi Runner
17:23 Scale Mail Armor
17:34 Fishing Lines
17:46 Champi Warrior
18:43 Squires
20:52 Chain Mail Armor
21:43 Horse Collar
23:23 Arson
24:45 Forging
29:39 Wheelbarrow
30:45 Town Watch
34:41 Stone Mining
36:33 Bow Saw
36:59 Stone Shaft Mining
36:26 Heavy Plow
Benedict Cucumberpatch
4:55 Loom
11:57 Loom
14:18 Feudal Age
18:08 Castle Age
16:53 Double-Bit Axe
17:53 Horse Collar
24:02 Redemption
25:05 Sanctity
38:59 Imperial Age
37:27 Fletching
37:23 Crossbowman
默默默默默
5:12 Loom
13:00 Feudal Age
13:33 Double-Bit Axe
16:11 Fishing Lines
22:24 Castle Age
20:17 Gold Mining
20:42 Forging
23:17 Medium Warships
24:46 Wheelbarrow
24:36 Bow Saw
25:39 Fletching
26:30 Bodkin Arrow
33:33 Town Watch
34:04 Horse Collar
36:34 Scale Barding Armor
39:35 Imperial Age
37:59 Scale Barding Armor
38:12 Heavy Plow
39:09 Chain Barding Armor
恆浪蕩
3:15 Loom
13:26 Feudal Age
18:31 Castle Age
19:56 Fletching
24:32 Bodkin Arrow
31:45 Padded Archer Armor
35:28 Double-Bit Axe
friend00792
12:42 Feudal Age
16:14 Castle Age
14:52 Loom
15:13 Double-Bit Axe
15:53 Fletching
17:14 Bow Saw
17:53 Bodkin Arrow
23:14 Wheelbarrow
22:24 Town Watch
23:35 Gold Mining
27:28 Ballistics
30:34 Imperial Age
28:12 Stone Mining
31:19 Bracer
31:36 Padded Archer Armor
32:41 Chemistry
32:34 Horse Collar
33:29 Leather Archer Armor
34:40 Ring Archer Armor
35:28 Elite Genoese Crossbowman
37:18 Fortified Wall
38:22 Forging
39:04 Conscription
波斯小象
10:30 Loom
14:47 Feudal Age
18:25 Castle Age
17:22 Fletching
17:32 Double-Bit Axe
19:01 Bodkin Arrow
19:30 Bow Saw
20:47 Padded Archer Armor
22:16 Husbandry
22:32 Bloodlines
23:47 Wheelbarrow
28:12 Horse Collar
32:12 Wheelbarrow
32:47 Ballistics
34:34 Gold Mining
35:12 Leather Archer Armor
39:20 Imperial Age
Connection lost

Rejoining the realm…

Still unreachable

The connection could not be restored.

Session expired

The server has moved on; the page needs a fresh start.